 Dungeon Crawl Stone Soup version 0.25-a0-565-g8875c97ebb (webtiles) character file.

Game seed: 11504895363317055912, levelgen mode: deterministic

1201 Flugslaktarn the Chopper (level 8, -2/73 HPs)
             Began as a Deep Dwarf Fighter on Feb 26, 2020.
             Was a Follower of Makhleb.
             Slain by a two-headed ogre
             ... wielding a +0 giant club
              (14 damage)
             ... on level 7 of the Dungeon.
             The game lasted 00:01:44 (2671 turns).

Flugslaktarn the Chopper (Deep Dwarf Fighter)       Turns: 2671, Time: 00:01:45

Health: -2/73      AC:  7    Str: 21    XL:     8   Next: 21%
Magic:  6/6        EV:  7    Int: 10    God:    Makhleb [*.....]
Gold:   205        SH: 10    Dex: 12    Spells: 7/7 levels left

rFire    . . .     SeeInvis .   g - +1 hand axe (vamp)
rCold    . . .     Gourm    .   c - +0 kite shield
rNeg     . . .     Faith    .   b - +0 scale mail
rPois    .         Spirit   .   (no helmet)
rElec    .         Reflect  .   (no cloak)
rCorr    .         Harm     .   (no gloves)
MR       +....                  (no boots)
Stlth    ..........             (no amulet)
HPRegen  0.00/turn              (no ring)
MPRegen  0.10/turn              (no ring)

@: non-regenerating
A: damage resistance, heal wounds, sense surroundings 1, no regeneration
a: Heal Wounds, Renounce Religion


You were on level 7 of the Dungeon.
You worshipped Makhleb.
Makhleb was aware of your devotion.
You were hungry.

You visited 2 branches of the dungeon, and saw 8 of its levels.

You collected 205 gold pieces.

Inventory:

Hand Weapons
 a - a +0 war axe
 g - a +1 vampiric hand axe (weapon)
   (You took it off an orc on level 3 of the Dungeon)
Armour
 b - a +0 scale mail (worn)
 c - a +0 kite shield (worn)
Jewellery
 s - a +3 ring of intelligence {unknown}
   (You found it on level 4 of the Dungeon)
Wands
 o - a wand of acid (8)
   (You found it on level 4 of the Dungeon)
Scrolls
 h - 6 scrolls of identify {unknown}
 i - 4 scrolls of blinking {unknown}
 j - 3 scrolls of amnesia {unknown}
 k - 2 scrolls of enchant armour {unknown}
 l - 4 scrolls of remove curse {unknown}
 r - a scroll of fog {unknown}
 u - a scroll of teleportation {unknown}
Potions
 d - 3 potions of might
 m - a potion of curing {unknown}
 n - 2 potions of heal wounds {unknown}
 p - a potion of stabbing {unknown}
 q - a potion of mutation {unknown}
 t - a potion of flight {unknown}
Comestibles
 e - 10 rations
 f - a chunk of flesh


   Skills:
 + Level 4.7 Fighting
 * Level 7.0 Axes
 + Level 5.7 Armour
 + Level 5.7 Shields
 + Level 2.1 Invocations


You had 7 spell levels left.
You didn't know any spells.
Your spell library was empty.

Dungeon Overview and Level Annotations

Branches:
Dungeon (7/15)             Temple (1/1) D:5

Altars:
Ashenzari
Cheibriados
Dithmenos
Elyvilon
Fedhas
Hepliaklqana
Kikubaaqudgha
Makhleb
Nemelex Xobeh
Okawaru
Qazlal
Ru
Trog
Uskayaw
Vehumet
Wu Jian
Xom
Yredelemnul
Zin
The Shining One

Annotations:
D:7 Dowan, Menkaure


Innate Abilities, Weirdness & Mutations

You are resistant to damage.
You can heal yourself by infusing magical energy.
You passively map a small area around you.
You do not regenerate.


Message History

You hit the two-headed ogre.
You feel better.
The two-headed ogre is moderately wounded.
Menkaure, Prince of Dust comes into view.
You barely miss the two-headed ogre.
The two-headed ogre is moderately wounded.
Menkaure shouts!
The two-headed ogre hits you with a +0 giant club!
The two-headed ogre hits you with a +0 dire flail!
* * * LOW HITPOINT WARNING * * *
You are too injured to fight recklessly!
You hit the two-headed ogre.
You feel better.
The two-headed ogre is heavily wounded.
The two-headed ogre closely misses you. The two-headed ogre barely misses you.
Menkaure calls on the powers of darkness!
Your body is wracked with pain!
* * * LOW HITPOINT WARNING * * *
The hound pauses to sniff the ground.
You fail to use your ability.
The two-headed ogre hits you with a +0 giant club!
You die...

* ## ** * * #####. ,
,, , , .......##### *
* ,..#........# ,
..........# , ,
#......Zo#### ,
,,#.....oohO@.#* * .
#......eS##..^..#
...#......o.######.M.
, , ........<.......#
# , *#..........##..<
, #..#...$..........
* #.............# *
*#####..###.## ., * ,
, #.## .# *


You could see a two-headed ogre, Menkaure, Dowan, a hound, an adder, 4 orcs and
a centaur skeleton.

Vanquished Creatures
  Edmund (D:6)
  An ice beast (D:5)
  3 ogres
  A centaur (D:6)
  An electric eel (D:6)
  2 howler monkeys (D:5)
  2 crimson imps (D:6)
  A bullfrog skeleton (D:4)
  2 hounds
  2 orc priests
  5 orc wizards
  3 gnolls (D:4)
  6 adders
  2 shadow imps
  3 worms
  A dart slug (D:3)
  3 leopard geckos
  27 orcs
  3 giant cockroaches (D:3)
  A goblin (D:3)
  2 hobgoblins (D:3)
  A jackal (D:3)
  4 quokkas
  3 ball pythons
  2 bats
  2 frilled lizards
  A jackal skeleton (D:4)
  3 kobolds (D:3)
  A quokka zombie (D:6)
  2 rats
91 creatures vanquished.

Notes
Turn   | Place    | Note
-------+----------+-------------------------------------------
     0 | D:1      | Flugslaktarn the Deep Dwarf Fighter began the quest for the
                  | Orb.
     0 | D:1      | Reached XP level 1. HP: 20/20 MP: 1/1
   136 | D:3      | Noticed an orc wizard
   138 | D:3      | Killed an orc wizard
   138 | D:3      | Reached skill level 3 in Axes
   138 | D:3      | Reached XP level 2. HP: 27/27 MP: 2/2
   138 | D:3      | Reached XP level 3. HP: 33/33 MP: 3/3
   148 | D:3      | Reached XP level 4. HP: 39/42 MP: 4/4
   226 | D:3      | Found a shimmering altar of Xom.
   229 | D:3      | Found a hide-covered altar of Uskayaw.
   278 | D:3      | Found an ancient bone altar of Kikubaaqudgha.
   281 | D:3      | Found a glowing golden altar of the Shining One.
   366 | D:3      | Reached skill level 4 in Axes
   366 | D:3      | Reached XP level 5. HP: 41/49 MP: 5/5
   501 | D:3      | Found a shadowy altar of Dithmenos.
   667 | D:4      | Found a sacrificial altar of Ru.
   796 | D:4      | Reached XP level 6. HP: 46/56 MP: 6/6
  1400 | D:4      | Found a stormy altar of Qazlal.
  1400 | D:4      | Found a white marble altar of Elyvilon.
  1470 | D:5      | Entered Level 5 of the Dungeon
  1518 | D:5      | Reached skill level 5 in Axes
  1548 | D:5      | Noticed an ice beast
  1564 | D:5      | Killed an ice beast
  1564 | D:5      | Reached skill level 5 in Armour
  1564 | D:5      | Reached skill level 5 in Shields
  1564 | D:5      | Reached XP level 7. HP: 38/64 MP: 7/7
  1777 | D:5      | Found a staircase to the Ecumenical Temple.
  1827 | D:5      | Found a burning altar of Makhleb.
  1880 | Temple   | Entered the Ecumenical Temple
  2003 | D:5      | Became a worshipper of Makhleb the Destroyer
  2035 | D:6      | Reached skill level 6 in Axes
  2036 | D:6      | HP: 1/64 [ogre/+0 giant spiked club (32)]
  2063 | D:6      | Noticed Edmund
  2098 | D:6      | Killed Edmund
  2098 | D:6      | Reached skill level 1 in Invocations
  2150 | D:6      | Reached XP level 8. HP: 38/73 MP: 6/8
  2422 | D:6      | Reached skill level 7 in Axes
  2444 | D:6      | Found an iron altar of Okawaru.
  2631 | D:7      | Noticed a two-headed ogre
  2643 | D:7      | Noticed Dowan
  2648 | D:7      | Reached * piety under Makhleb
  2668 | D:7      | Noticed Menkaure
  2671 | D:7      | Slain by a two-headed ogre

Levels and vault maps discovered:
D:1:      noname_arrival_rooms_in_the_neighbourhood, layout_basic
D:2:      layout_basic
D:3:      wad_pebble_path, layout_basic, grunt_temple_overflow_cloverleaf,
          nicolae_overflow_crystal_walls
D:4:      layout_loops_corners, old_standard_altar,
          gammafunk_temple_overflow_pools
D:5:      layout_rooms, makhleb_heckhound_becter, minmay_temple_entry_overgrown,
          serial_shops, kennysheep_little_box, first_ration
D:6:      layout_rooms, serial_bayou_lagoon_a, okawaru_ov_weapons_minmay,
          uniq_edmund
D:7:      layout_rooms, nicolae_gozag_cash_rules_everything_around_me,
          uniq_menkaure, uniq_duvessa
Temple:   cyrus_temple_forest

Skill      XL: |  1  2  3  4  5  6  7  8 |
---------------+-------------------------+-----
Axes           | 3 4 5 6 7 |  7.0
Fighting       | 3 4 |  4.7
Armour         | 4 5 |  5.7
Shields        | 4 5 |  5.7
Invocations    | 1 2 |  2.1

Action                   |  1- 3 |  4- 6 |  7- 9 || total
-------------------------+-------+-------+-------++-------
Melee: War axe           |    22 |     6 |       ||    28
       Hand axe          |       |   208 |   199 ||   407
 Abil: Heal Wounds       |       |       |     7 ||     7
  Eat: Chunk             |       |     2 |     4 ||     6
Armor: Scale mail        |     9 |    80 |    58 ||   147
Dodge: Dodged            |    11 |    73 |    54 ||   138
Block: Kite shield       |    10 |   109 |    85 ||   204

Table legend:
 A = Non-vault XP
 B = Vault XP
 C = Vault XP percentage of total XP
 D = Non-vault monster count
 E = Vault monster count
 F = Vault count percentage of total count
                 A         B        C        D         E       F
            +---------+---------+-------+---------+---------+-------
      Total |    1520 |     196 |  11.4 |      89 |       2 |   2.2
            +---------+---------+-------+---------+---------+-------
        D:1 |       2 |       0 |   0.0 |       2 |       0 |   0.0
        D:2 |       5 |       0 |   0.0 |       1 |       0 |   0.0
        D:3 |     270 |       0 |   0.0 |      41 |       0 |   0.0
        D:4 |     175 |       0 |   0.0 |      13 |       0 |   0.0
        D:5 |     443 |      42 |   8.7 |      13 |       1 |   7.1
        D:6 |     612 |     154 |  20.1 |      18 |       1 |   5.3
        D:7 |      13 |       0 |   0.0 |       1 |       0 |   0.0
            +---------+---------+-------+---------+---------+-------
